 Dungeon Crawl Stone Soup version 0.31-a0-1072-g202bf7ea07 (webtiles) character file.

Game seed: 8724043306290004508

135 CrazyBamboolord the Shooter (level 5, -1/41 HPs)
             Began as a Formicid Hunter on Nov 26, 2023.
             Slain by Pikel
             ... wielding a +2 whip of flaming
              (7 damage)
             ... on level 3 of the Dungeon.
             The game lasted 00:03:56 (2844 turns).

CrazyBamboolord the Shooter (Formicid Hunter)       Turns: 2844, Time: 00:03:56

Health: -1/41      AC:  3    Str: 16    XL:     5   Next: 41%
Magic:  5/5        EV: 13    Int:  8    God:
Gold:   222        SH:  0    Dex: 19    Spells: 4/4 levels left

rFire   . . .        a - +0 shortbow
rCold   . . .        m - orb of Tyhulo Coch {*Rage, rN+}
rNeg    + . .        c - +0 leather armour
rPois   .            (helmet unavailable)
rElec   .            (no cloak)
rCorr   .            (no gloves)
SInv    +            (no boots)
Will    +....        (no amulet)
Stlth   ++           (no ring)
HPRegen 0.26/turn    (no ring)
MPRegen 0.09/turn

%: no passive effects
@: enlightened, flying
A: permanent stasis, dig shafts and tunnels, antennae 3, four strong arms
a: Dig, Shaft Self


You were on level 3 of the Dungeon.
You visited 1 branch of the dungeon, and saw 4 of its levels.

You collected 222 gold pieces.

Inventory:

Hand Weapons
 a - a +0 shortbow (weapon)
Armour
 c - a +0 leather armour (worn)
 m - the orb of Tyhulo Coch (worn) {*Rage, rN+}
   (You found it on level 3 of the Dungeon)

   rN+:       It protects you from negative energy.
Jewellery
 e - a ring of positive energy
Scrolls
 b - a scroll of butterflies
 d - 2 scrolls of poison
 g - a scroll of enchant armour {unknown}
 j - a scroll of teleportation {unknown}
 k - a scroll of noise {unknown}
 l - a scroll of immolation {unknown}
 n - a scroll of silence {unknown}
 o - a scroll of fear {unknown}
 q - a scroll of blinking {unknown}
Potions
 f - a potion of enlightenment
 h - a potion of degeneration {unknown}
 i - a potion of lignification {unknown}
 p - a potion of ambrosia {unknown}


   Skills:
 + Level 3.3 Fighting
 + Level 4.6 Ranged Weapons
 + Level 2.8 Dodging
 + Level 3.2 Stealth


You had 4 spell levels left.
You didn't know any spells.
Your spell library contained the following spells:

 Spells                   Type           Power      Damage    Failure   Level
 Apportation              Tloc           0%         N/A       47%         1
 Necrotise                Necr           0%         1d4       47%         1
 Slow                     Hex            0%         N/A       47%         1
 Summon Small Mammal      Summ           0%         N/A       47%         1
 Confusing Touch          Hex            0%         N/A       85%         3
 Sigil of Binding         Hex            0%         N/A       85%         3
 Vampiric Draining        Necr           0%         2d6       85%         3


Dungeon Overview and Level Annotations

Branches:
Dungeon (4/15)
 Temple: D:4-7

Altars:
Sif Muna

Annotations:
D:1 1 exclusion
D:3 Pikel


Innate Abilities, Weirdness & Mutations

You cannot be hasted, slowed, berserked, paralysed or teleported.
You can dig through walls and to a lower floor.
You have a pair of large antennae on your head. (SInv)
Your four strong arms can wield two-handed weapons with a shield.


Message History

The arrow hits Pikel but does no damage.
The lemure attacks as it pursues you! The lemure misses you.
There is an open door here.
The lemure hits you.
There is a stone staircase leading up here.
You shoot an arrow. The arrow closely misses Pikel.
The arrow hits the lemure but does no damage.
The lemure is lightly wounded.
You shoot an arrow. The arrow closely misses Pikel.
The arrow hits the lemure.
The lemure is moderately wounded.
Pikel closely misses you.
You climb upwards.
There is a stone staircase leading down here.
You can't go up here!
You shoot an arrow. The arrow hits Pikel.
Pikel is lightly wounded.
Pikel closely misses you.
Pikel hits you with a +2 whip of flaming.
Pikel burns you.
You shoot an arrow. The arrow hits Pikel.
Pikel is lightly wounded.
Pikel hits you with a +2 whip of flaming!
Pikel burns you.
You shoot an arrow. The arrow hits Pikel!
Pikel is moderately wounded.
Pikel barely misses you.
You shoot an arrow.
The arrow hits Pikel but does no damage.
Pikel is moderately wounded.
Pikel hits you with a +2 whip of flaming!
* * * LOW HITPOINT WARNING * * *
Pikel burns you.
* * * LOW HITPOINT WARNING * * *
Okay, then.
It was a potion of enlightenment.
You feel very buoyant.
You fly up into the air.
Pikel hits you with a +2 whip of flaming!
You die...
Pikel says, "Another soul for the market."

##...................###...#####
#.....#########..........#.....#
..............####...###.<.###.#
......#######.# ##.## ##### #.#
....†## #.# #.# #.# #..).# ##.##
#.# #####.# .....# ##.<.## #.#
#.....## .##########.....###.#
#.###... ................@##.#
#.# #... ....#####......K..#.#
#.###.##
###.................######..[..#
# #########..................###
# ##...#....########## #
##.###.#.# # #.# #.#.# # #.#
#.#.# #### #.# #.#.# #####


You could see Pikel.

Vanquished Creatures
  A jelly (D:4)
  Jessica (D:3)
  An adder (D:2)
  A worm (D:2)
  4 dart slugs
  An orc (D:3)
  8 endoplasms
  2 giant cockroaches
  5 hobgoblins
  3 jackals
  6 kobolds
  A quokka (D:3)
  7 ball pythons
  3 bats
  A frilled lizard (D:3)
  8 goblins
  2 rats
55 creatures vanquished.

Vanquished Creatures (others)
  A dart slug (D:1)
  A jackal (D:1)
2 creatures vanquished.

Grand Total: 57 creatures vanquished

Notes
Turn   | Place    | Note
-------+----------+-------------------------------------------
     0 | D:1      | CrazyBamboolord the Formicid Hunter began the quest for the
                  | Orb.
     0 | D:1      | Reached XP level 1. HP: 16/16 MP: 1/1
   264 | D:1      | Reached XP level 2. HP: 23/23 MP: 2/2
  1082 | D:2      | Reached XP level 3. HP: 28/28 MP: 3/3
  1489 | D:3      | Reached XP level 4. HP: 30/34 MP: 4/4
  1519 | D:3      | Noticed Jessica
  1521 | D:3      | Killed Jessica
  1529 | D:3      | Found a faded altar of an unknown god.
  1632 | D:3      | Identified the orb of Tyhulo Coch {*Rage, rN+}
  2000 | D:3      | Found a shimmering blue altar of Sif Muna.
  2092 | D:3      | Reached XP level 5. HP: 41/41 MP: 5/5
  2401 | D:4      | Noticed Pikel
  2401 | D:4      | Noticed a lemure
  2401 | D:4      | Noticed a lemure
  2401 | D:4      | Noticed a lemure
  2401 | D:4      | Noticed a lemure
  2524 | D:4      | Identified the +1 robe of Zin's Condemnation {rElec Dex+2
                  | Archmagi}
  2844 | D:3      | Slain by Pikel

Illustrated notes

Levels and vault maps discovered:
D:1:      erik_arrival_orb_chamber, layout_loops_ring, lemuel_flame_loot_1
D:2:      layout_rooms
D:3:      layout_loops_ring, marbit_many_paths,
          ebering_ecumenical_altar_sacrificial, chequers_serial_rivers_micro_c,
          nrook_loot_triangle, uniq_jessica
D:4:      layout_basic, uniq_pikel

Skill      XL: |  1  2  3  4  5 |
---------------+----------------+-----
Dodging        | 2 |  2.8
Stealth        | 2 3 |  3.2
Fighting       | 3 |  3.3
Ranged Weapons | |  4.6

Action                     |  1- 3 |  4- 6 || total
---------------------------+-------+-------++-------
   Fire: Shortbow          |    90 |    85 ||   175
    Use: Scroll            |       |     1 ||     1
         Potion            |       |     1 ||     1
 Armour: Leather armour    |    13 |    15 ||    28
  Dodge: Dodged            |    24 |    19 ||    43

Table legend: (Time is in decaauts)
 A = Elapsed time spent in this place.
 B = Non-inter-level travel time spent in this place.
 C = Inter-level travel time spent in this place.
 D = Time resting spent in this place.
 E = Time spent auto-exploring this place.
 F = Levels seen in this place.
 G = Mean time per level.
                   A        B        C        D        E       F      G
               +--------+--------+--------+--------+--------+-----+--------+
         Total |   2883 |   2725 |    158 |    250 |   1902 |   4 |  720.8 |
       Dungeon |   2883 |   2725 |    158 |    250 |   1902 |   4 |  720.8 |
               +--------+--------+--------+--------+--------+-----+--------+

Top non-repeatable levels by time:
     D:1: 1037 daAuts
     D:3: 983 daAuts
     D:2: 439 daAuts
     D:4: 423 daAuts
